 Dungeon Sprint DCSS version 0.20-a0-11-ga97c7b5 (console) character file.

345 Blackmore the Thaumaturge (level 6, -2/32 HPs)
             Began as a Deep Elf Ice Elementalist on Nov 2, 2016.
             Was an Elder of Sif Muna.
             Slain by a deep elf mage
             ... wielding a +0 rapier
              (9 damage)
             ... in the Dungeon (Sprint VII: "The Pits").
             The game lasted 00:04:41 (1059 turns).

Blackmore the Thaumaturge (DEIE)                    Turns: 1059, Time: 00:04:41

Health: -2/32      AC:  2    Str:  5    XL:     6   Next: 32%
Magic:  12/21      EV: 15    Int: 22    God:    Sif Muna [****..]
Gold:   0          SH:  0    Dex: 15    Spells: 5 memorised, 11 levels left

rFire  . . .     SeeInvis .     p - +2 dagger (venom)
rCold  . . .     Gourm    .     a - +0 robe
rNeg   . . .     Faith    .     (no shield)
rPois  .         Spirit   .     (no helmet)
rElec  .         Reflect  .     (no cloak)
rCorr  .         Harm     .     (no gloves)
MR     .....     NoTele   +     (no boots)
Stlth  +++.......               (no amulet)
                                (no ring)
                                (no ring)

@: no status effects
A: no striking features
a: Divine Energy, Channel Magic, Forget Spell, Renounce Religion


You were in the Dungeon.
You worshipped Sif Muna.
Sif Muna was greatly pleased with you.
You were hungry.

You visited 1 branch

Inventory:

Hand Weapons
 p - a +2 dagger of venom (weapon)
 r - a +1 long sword of flaming
Armour
 a - a +0 robe (worn)
Scrolls
 i - a scroll of blinking
 k - 3 scrolls of remove curse
 l - 5 scrolls of amnesia
 m - a scroll of summoning
Potions
 d - 6 potions of curing
 e - 6 potions of heal wounds
 f - a potion of haste
 g - 4 potions of magic
 h - a potion of berserk rage
 j - 2 potions of invisibility
Books
 b - a book of Frost

   Spells                             Type                      Level
   a - Freeze                         Ice                          1
   b - Throw Frost                    Conjuration/Ice              2
   c - Ozocubu's Armour               Charms/Ice                   3
   d - Throw Icicle                   Conjuration/Ice              4
   e - Summon Ice Beast               Ice/Summoning                4
Comestibles
 c - 8 bread rations
 n - 40 fruits
 o - 7 meat rations
 q - 2 chunks of flesh


   Skills:
 + Level 1.6 Short Blades
 + Level 5.4 Dodging
 + Level 6.8 Stealth
 * Level 10.2 Spellcasting
 + Level 1.4 Conjurations
 + Level 1.5 Summonings
 * Level 10.1 Ice Magic


You had 11 spell levels left.
You knew the following spells:

 Your Spells              Type           Power        Failure   Level  Hunger
a - Freeze                Ice            ####         1%          1    None
b - Throw Frost           Conj/Ice       #####.       1%          2    None
c - Ozocubu's Armour      Chrm/Ice       ####....     1%          3    None
d - Throw Icicle          Conj/Ice       #####...     8%          4    ##.....
e - Summon Ice Beast      Ice/Summ       #####...     8%          4    ##.....


Dungeon Overview and Level Annotations

Branches:
Dungeon (1/1)

Altars:
Ashenzari
Cheibriados
Dithmenos
Elyvilon
Fedhas
Gozag
Hepliaklqana
Kikubaaqudgha
Makhleb
Nemelex Xobeh
Okawaru
Qazlal
Ru
Sif Muna
Trog
Uskayaw
Vehumet
Xom
Yredelemnul
Zin
The Shining One
Beogh
Jiyva
Lugonu


Message History

The warg is lightly wounded.
The warg bites you! x2
Ouch! That really hurt!
* * * LOW HITPOINT WARNING * * *
You swap places.
Your ice beast hits the warg but does no damage.
The deep elf mage mumbles some strange words.
The deep elf mage blinks!
The warg bites your ice beast!
Your ice beast dies!
There is an open door here.
You see here a vampire mosquito corpse.
Casting: Summon Ice Beast
Confirm with . or Enter, or press ? or * to list all spells.
Aiming: Throw Icicle
Press: ? - help, Shift-Dir - straight line, f - deep elf mage
Aim: a deep elf mage, wielding a rapier and wearing a leather armour The shard of ice hits the deep elf mage.
The deep elf mage is heavily wounded.
The deep elf mage hits you with a rapier!
You die...

#.#........##.......#
#.#........##.......#
#'###########.......#
#.......#.. #########
#..#.#..#Z#
#.##)##.#c#
#.......#'#
#.##.##.#h+
#..#.#.)#@#
#.......eY#
###########


You could see a deep elf mage, a warg, a centaur, a leopard gecko skeleton and a
friendly ice beast.

Vanquished Creatures
  A gnoll sergeant (D)
  A wight (D)
  A crimson imp (D)
  An iron imp (D)
  2 gnolls (D)
  An ufetubus (D)
  A bat skeleton (D)
  A giant cockroach (D)
  A hobgoblin (D)
  A quokka (D)
  A quokka zombie (D)
  3 rats (D)
15 creatures vanquished.

Vanquished Creatures (collateral kills)
  A vampire mosquito (D)
  An ogre (D)
  A scorpion (D)
  A mummy (D)
  A gnoll (D)
5 creatures vanquished.

Grand Total: 20 creatures vanquished

Notes
Turn   | Place    | Note
-------+----------+-------------------------------------------
     0 | D        | Blackmore the Deep Elf Ice Elementalist began the quest for the Orb.
     0 | D        | Reached XP level 1. HP: 10/10 MP: 6/6
    58 | D        | Found a radiant altar of Vehumet.
    58 | D        | Found a hide-covered altar of Uskayaw.
    58 | D        | Found an ancient bone altar of Kikubaaqudgha.
    58 | D        | Found a viscous altar of Jiyva.
    58 | D        | Found a hazy altar of Hepliaklqana.
    59 | D        | Found a bloodstained altar of Trog.
    59 | D        | Found a deep blue altar of Sif Muna.
    59 | D        | Found a sacrificial altar of Ru.
    59 | D        | Found a stormy altar of Qazlal.
    59 | D        | Found an iron altar of Okawaru.
    59 | D        | Found a sparkling altar of Nemelex Xobeh.
    59 | D        | Found an opulent altar of Gozag.
    59 | D        | Found a blossoming altar of Fedhas.
    59 | D        | Found a white marble altar of Elyvilon.
    59 | D        | Found a shadowy altar of Dithmenos.
    59 | D        | Found a snail-covered altar of Cheibriados.
    60 | D        | Found a burning altar of Makhleb.
    60 | D        | Found a glowing golden altar of the Shining One.
    60 | D        | Found a glowing silver altar of Zin.
    60 | D        | Found a basalt altar of Yredelemnul.
    60 | D        | Found a roughly hewn altar of Beogh.
    61 | D        | Found a corrupted altar of Lugonu.
    61 | D        | Found a shimmering altar of Xom.
    61 | D        | Found a shattered altar of Ashenzari.
    63 | D        | Became a worshipper of Sif Muna the Loreminder
   274 | D        | Reached * piety under Sif Muna
   476 | D        | Reached XP level 2. HP: 15/15 MP: 7/9
   519 | D        | Learned a level 2 spell: Throw Frost
   530 | D        | Noticed an ogre
   531 | D        | Noticed a crimson imp
   557 | D        | Reached skill level 5 in Spellcasting
   557 | D        | Reached XP level 3. HP: 12/19 MP: 10/12
   667 | D        | Noticed a gnoll sergeant
   680 | D        | Learned a level 3 spell: Ozocubu's Armour
   702 | D        | Killed a gnoll sergeant
   702 | D        | Reached ** piety under Sif Muna
   702 | D        | Reached XP level 4. HP: 15/24 MP: 9/15
   972 | D        | Reached *** piety under Sif Muna
   972 | D        | Reached skill level 1 in Short Blades
   972 | D        | Reached XP level 5. HP: 28/28 MP: 14/17
   978 | D        | Learned a level 4 spell: Throw Icicle
   983 | D        | Learned a level 4 spell: Summon Ice Beast
  1011 | D        | Killed an ogre
  1011 | D        | Reached skill level 5 in Stealth
  1011 | D        | Reached skill level 1 in Summonings
  1014 | D        | Reached skill level 5 in Dodging
  1048 | D        | Reached **** piety under Sif Muna
  1048 | D        | Reached XP level 6. HP: 32/32 MP: 18/20
  1049 | D        | Noticed a vampire mosquito
  1052 | D        | Killed a vampire mosquito
  1052 | D        | Reached skill level 10 in Spellcasting
  1052 | D        | Reached skill level 10 in Ice Magic
  1056 | D        | Noticed a deep elf mage
  1056 | D        | Noticed a warg
  1059 | D        | Slain by a deep elf mage

Vault maps used:
D:        pitsprint

Skill      XL: |  1  2  3  4  5  6 |
---------------+-------------------+-----
Ice Magic      | 4 6 7 8 9 10 | 10.1
Spellcasting   | 4 5 7 8 9 10 | 10.2
Stealth        | 3 4 6 |  6.8
Dodging        | 3 4 5 |  5.4
Short Blades   | 1 |  1.6
Summonings     | 1 |  1.5
Conjurations   | |  1.4

Action                   |  1- 3 |  4- 6 || total
-------------------------+-------+-------++-------
Melee: Unarmed           |    13 |       ||    13
       Dagger            |    13 |     7 ||    20
 Cast: Freeze            |     5 |     4 ||     9
       Throw Frost       |     2 |       ||     2
       Summon Ice Beast  |       |     2 ||     2
       Throw Icicle      |       |     1 ||     1
  Use: Potion            |     2 |       ||     2
 Stab: Sleeping          |     3 |     2 ||     5
       Distracted        |       |     1 ||     1
Armor: Robe              |    11 |     1 ||    12
Dodge: Dodged            |    26 |     4 ||    30
